Chicago Black Hawks vs Boston Bruins
Created - Friday, May 3, 2024 at 08:51
Goals
|
| Chicago Black Hawks |
2 |
0 |
1 |
0 |
1 |
4 |
| Boston Bruins |
1 |
2 |
0 |
0 |
0 |
3 |
|
Shots
|
| Chicago Black Hawks |
14 |
8 |
15 |
0 |
3 |
37 |
| Boston Bruins |
11 |
11 |
13 |
0 |
3 |
35 |
|
1st period
1. Chicago Black Hawks , Kevin Fiala 22 (Devon Toews 7) at 11:28
2. Chicago Black Hawks , Patrice Bergeron 32 (Kirby Dach 30, Barrett Hayton 26) at 14:29
3. Boston Bruins , Pavel Zacha 19 (Anthony Beauvillier 25) at 17:05
Penalties :
Tyson Barrie (BOS) for Roughing (Minor) at 2:43, Brent Burns (CHI) for Hooking (Minor) at 7:42, Kevin Fiala (CHI) for Hooking (Minor) at 17:20
2nd period
4. Boston Bruins , Anthony Beauvillier 22 (David Krejci 22) at 9:18 (SH)
5. Boston Bruins , Pavel Zacha 20 (Charlie McAvoy 23, Anthony Beauvillier 26) at 15:50
Penalties :
Kevin Fiala (CHI) for Tripping (Minor) at 4:49, Tyson Barrie (BOS) for High sticking (Minor) at 8:57, Luke Kunin (BOS) for Holding (Minor) at 16:18
3rd period
6. Chicago Black Hawks , Cale Makar 14 (Nicholas Paul 15) at 19:19
Penalties :
Michael Rasmussen (CHI) for Hooking (Minor) at 16:50
Overtime #1
No Goal
Penalties :
No Penalty
Shootout
Chicago Black Hawks, Bo Horvat - Goal!
Boston Bruins, Brandon Hagel - Shot Misses the Net
Chicago Black Hawks, Patrice Bergeron - Stopped by Leevi Merilainen
Boston Bruins, Pavel Zacha - Stopped by Thatcher Demko
Chicago Black Hawks, Vincent Trocheck - Stopped by Leevi Merilainen
Boston Bruins, David Krejci - Stopped by Thatcher Demko
Penalties :
No Penalty
Goalie Stats
Thatcher Demko (CHI), 32 saves from 35 shots - (0.914), W, 36-11-10, 64:58 minutes
Leevi Merilainen (BOS), 34 saves from 37 shots - (0.919), OTL, 8-15-7, 65:00 minutes
Players Stats for Chicago Black Hawks
Player Name G A P +/- PIM S H SB GA TA FO MP PP MP PK MP
------------------------------------------------------------------------------------
Barrett Hayton 0 1 1 -1 0 2 0 0 0 0 2/4 19:43 2:59 3:54
Bo Horvat 0 0 0 0 0 4 1 1 0 0 9/14 19:14 2:58 0:00
Brent Burns 0 0 0 -1 2 2 2 2 0 1 0/0 24:38 2:56 1:27
Cale Makar 1 0 1 1 0 1 1 3 0 1 0/0 22:50 3:01 1:28
Conor Sheary 0 0 0 0 0 1 2 0 1 0 0/0 10:34 0:00 0:00
Devon Toews 0 1 1 -2 0 2 2 2 0 1 0/0 25:56 3:01 3:32
Frederick Gaudreau 0 0 0 0 0 0 0 0 1 0 0/0 6:49 0:00 3:50
Jaden Schwartz 0 0 0 0 0 3 1 0 1 0 0/0 13:05 0:00 1:02
Kevin Fiala 1 0 1 0 4 5 1 1 3 0 1/2 21:58 2:58 0:00
Kirby Dach 0 1 1 -1 0 4 0 1 1 0 0/0 15:21 2:59 0:00
Marcus Pettersson 0 0 0 0 0 0 2 2 0 0 0/0 16:34 0:00 1:29
Michael Rasmussen 0 0 0 1 2 0 1 0 1 0 0/0 9:49 0:00 2:56
Nicholas Paul 0 1 1 1 0 4 1 1 0 0 6/11 17:00 0:00 0:10
Patrice Bergeron 1 0 1 -1 0 2 1 0 1 1 21/26 19:11 2:59 3:50
Seth Jones 0 0 0 2 0 1 3 2 1 1 0/0 20:46 2:56 4:07
Shane Pinto 0 0 0 1 0 0 0 2 1 0 1/2 7:59 0:00 0:10
Travis Sanheim 0 0 0 0 0 3 2 2 1 2 0/0 19:15 0:00 3:49
Vincent Trocheck 0 0 0 0 0 3 2 0 0 0 1/3 21:18 2:58 0:00
Players Stats for Boston Bruins
Player Name G A P +/- PIM S H SB GA TA FO MP PP MP PK MP
------------------------------------------------------------------------------------
Anthony Beauvillier 1 2 3 1 0 5 2 0 0 1 0/1 21:25 4:11 3:00
Brandon Hagel 0 0 0 0 0 4 1 0 0 0 1/8 21:39 4:11 2:57
Cam York 0 0 0 0 0 1 0 2 0 0 0/0 26:09 3:32 3:07
Charlie McAvoy 0 1 1 -1 0 0 1 1 0 1 0/0 25:40 4:24 2:50
Curtis Hall 0 0 0 -1 0 0 2 0 0 0 0/1 8:47 0:31 0:00
David Krejci 0 1 1 1 0 4 1 0 1 0 10/21 21:47 2:55 3:00
Joe Veleno 0 0 0 -1 0 1 0 0 0 0 0/0 7:33 0:19 0:00
Joel Farabee 0 0 0 0 0 2 0 2 0 1 0/0 16:56 2:55 0:00
John-Jason Peterka 0 0 0 0 0 3 1 0 1 1 0/0 13:29 0:50 0:00
Luke Kunin 0 0 0 0 2 2 1 0 1 0 0/0 17:04 2:55 0:00
Matt Grzelcyk 0 0 0 1 0 0 0 3 0 1 0/0 13:28 0:00 0:05
Morgan Geekie 0 0 0 0 0 2 4 3 1 1 0/0 12:42 0:13 0:00
Otto Koivula 0 0 0 -1 0 2 0 0 0 0 1/1 7:09 0:00 0:00
Pavel Zacha 2 0 2 0 0 4 2 0 1 0 6/21 21:35 4:11 2:57
Ryan Donato 0 0 0 0 0 2 1 1 1 0 3/9 13:55 0:37 0:00
Samuel Bolduc 0 0 0 1 0 0 0 0 0 2 0/0 15:11 0:00 2:00
Samuel Girard 0 0 0 0 0 0 2 1 0 2 0/0 25:52 3:32 3:02
Tyson Barrie 0 0 0 -1 4 3 0 3 1 2 0/0 23:39 4:24 0:50
3 Stars
1 - Anthony Beauvillier (BOS)
2 - Pavel Zacha (BOS)
3 - Cale Makar (CHI)
Power Play
Chicago Black Hawks - 0 on 3 Attempt(s) - 0.00%
Boston Bruins - 0 on 4 Attempt(s) - 0.00%
Penalty Kill
Chicago Black Hawks - 4 on 4 Attempt(s) - 100.00%
- Score 0 goal in Penalty Kill
Boston Bruins - 3 on 3 Attempt(s) - 100.00%
- Score 1 goal in Penalty Kill
Team Stat
Chicago Black Hawks - Hits : 22 - Faceoff Wins : 41 - Blocked Shots : 19 - Penalty Minutes : 8
Boston Bruins - Hits : 18 - Faceoff Wins : 21 - Blocked Shots : 16 - Penalty Minutes : 6
Official
Referees : Francois StLaurent and Tim Peel
Linesman : Don Henderson and Ryan Gibbons
Game Notes
No Game Note
Finance
Level 1 -- Attendance: 4944 (82.40%) -- Ticket Income $494,400
Level 2 -- Attendance: 3925 (78.50%) -- Ticket Income $235,500
Level 3 -- Attendance: 2067 (68.90%) -- Ticket Income $72,345
Level 4 -- Attendance: 3605 (72.10%) -- Ticket Income $90,125
Luxury Box -- Attendance: 769 (76.90%) -- Ticket Income $153,800
Game was played at the TD Garden.
Total Attendance: 15310 (76.55%)
Total Ticket Income: $1,046,170
Other Income: $366,160
Total Income: $1,412,330
Chicago Black Hawks
5 vs 5 Forward
Center Left Wing Right Wing Time % Phy DF OF
1 Bo Horvat Kevin Fiala Vincent Trocheck 30 1 2 2
2 Patrice Bergeron Barrett Hayton Kirby Dach 30 1 2 2
3 Nicholas Paul Jaden Schwartz Conor Sheary 25 1 2 2
4 Shane Pinto Michael Rasmussen Nicholas Paul 15 1 2 2
5 vs 5 Defense
Defense Defense Time % Phy DF OF
1 Cale Makar Seth Jones 30 0 3 2
2 Brent Burns Devon Toews 30 1 3 1
3 Travis Sanheim Marcus Pettersson 25 0 4 1
4 Cale Makar Brent Burns 15 0 3 2
PowerPlay Forward
Center Left Wing Right Wing Time % Phy DF OF
1 Bo Horvat Kevin Fiala Vincent Trocheck 50 0 0 5
2 Patrice Bergeron Barrett Hayton Kirby Dach 50 0 0 5
PowerPlay Defense
Defense Defense Time % Phy DF OF
1 Brent Burns Seth Jones 50 0 1 4
2 Cale Makar Devon Toews 50 0 1 4
Penalty Kill 4 Players Forward
Center Wing Time % Phy DF OF
1 Patrice Bergeron Frederick Gaudreau 50 0 5 0
2 Barrett Hayton Michael Rasmussen 50 0 5 0
Penalty Kill 4 Players Defense
Defense Defense Time % Phy DF OF
1 Devon Toews Travis Sanheim 50 0 5 0
2 Brent Burns Seth Jones 50 0 5 0
Penalty Kill - 3 Players Forward
Forward Time % Phy DF OF
1 Bo Horvat 50 0 5 0
2 Frederick Gaudreau 50 0 5 0
Penalty Kill - 3 Players Defense
Defense Defense Time % Phy DF OF
1 Marcus Pettersson Seth Jones 50 0 5 0
2 Travis Sanheim Devon Toews 50 0 5 0
4 vs 4 Forward
Center Wing Time % Phy DF OF
1 Vincent Trocheck Frederick Gaudreau 50 1 2 2
2 Shane Pinto Kevin Fiala 50 1 2 2
4 vs 4 Defense
Defense Defense Time % Phy DF OF
1 Devon Toews Travis Sanheim 50 1 3 1
2 Marcus Pettersson Cale Makar 50 0 4 1
Last Minutes Offensive
Center Left Wing Right Wing Defense Defense
Bo Horvat Kevin Fiala Vincent Trocheck Cale Makar Seth Jones
Last Minutes Defensive
Center Left Wing Right Wing Defense Defense
Bo Horvat Kevin Fiala Vincent Trocheck Cale Makar Seth Jones
Goaltenders
Starting : Thatcher Demko
Backup : Jordan Binnington
Extra Forwards
Normal : Frederick Gaudreau, Nicholas Paul, Jaden Schwartz - PP : Frederick Gaudreau, Nicholas Paul - PK : Jaden Schwartz
Extra Defensemen
Normal : Travis Sanheim, Marcus Pettersson, Brent Burns - PP : Travis Sanheim - PK : Marcus Pettersson, Brent Burns
Penalty Shots
Bo Horvat, Patrice Bergeron, Vincent Trocheck, Kevin Fiala, Barrett Hayton
Boston Bruins
5 vs 5 Forward
Center Left Wing Right Wing Time % Phy DF OF
1 Pavel Zacha Brandon Hagel Anthony Beauvillier 30 1 2 2
2 David Krejci Luke Kunin Joel Farabee 30 1 2 2
3 Ryan Donato John-Jason Peterka Morgan Geekie 25 1 2 2
4 Curtis Hall Joe Veleno Otto Koivula 15 1 2 2
5 vs 5 Defense
Defense Defense Time % Phy DF OF
1 Charlie McAvoy Tyson Barrie 35 1 2 2
2 Samuel Girard Cam York 35 1 2 2
3 Matt Grzelcyk Samuel Bolduc 30 1 2 2
4 Charlie McAvoy Tyson Barrie 0 1 2 2
PowerPlay Forward
Center Left Wing Right Wing Time % Phy DF OF
1 Pavel Zacha Brandon Hagel Anthony Beauvillier 50 1 2 2
2 David Krejci Luke Kunin Joel Farabee 50 1 2 2
PowerPlay Defense
Defense Defense Time % Phy DF OF
1 Charlie McAvoy Tyson Barrie 50 1 2 2
2 Samuel Girard Cam York 50 1 2 2
Penalty Kill 4 Players Forward
Center Wing Time % Phy DF OF
1 Brandon Hagel Pavel Zacha 50 1 2 2
2 David Krejci Anthony Beauvillier 50 1 2 2
Penalty Kill 4 Players Defense
Defense Defense Time % Phy DF OF
1 Charlie McAvoy Tyson Barrie 50 1 2 2
2 Samuel Girard Cam York 50 1 2 2
Penalty Kill - 3 Players Forward
Forward Time % Phy DF OF
1 Brandon Hagel 50 1 2 2
2 Pavel Zacha 50 1 2 2
Penalty Kill - 3 Players Defense
Defense Defense Time % Phy DF OF
1 Charlie McAvoy Tyson Barrie 50 1 2 2
2 Samuel Girard Cam York 50 1 2 2
4 vs 4 Forward
Center Wing Time % Phy DF OF
1 Brandon Hagel Pavel Zacha 50 1 2 2
2 David Krejci Anthony Beauvillier 50 1 2 2
4 vs 4 Defense
Defense Defense Time % Phy DF OF
1 Charlie McAvoy Tyson Barrie 50 1 2 2
2 Samuel Girard Cam York 50 1 2 2
Last Minutes Offensive
Center Left Wing Right Wing Defense Defense
Pavel Zacha Brandon Hagel Anthony Beauvillier Charlie McAvoy Tyson Barrie
Last Minutes Defensive
Center Left Wing Right Wing Defense Defense
Pavel Zacha Brandon Hagel Anthony Beauvillier Charlie McAvoy Tyson Barrie
Goaltenders
Starting : Leevi Merilainen
Backup : Pyotr Kochetkov
Extra Forwards
Normal : Curtis Hall, Ryan Donato, John-Jason Peterka - PP : Curtis Hall, Ryan Donato - PK : John-Jason Peterka
Extra Defensemen
Normal : Matt Grzelcyk, Samuel Bolduc, Samuel Girard - PP : Matt Grzelcyk - PK : Samuel Bolduc, Samuel Girard
Penalty Shots
Brandon Hagel, Pavel Zacha, David Krejci, Anthony Beauvillier, Luke Kunin
% Time on Ice - Chicago Black Hawks
Lines # - Real PCT - Wanted PCT - Time Play
Normal Forward
1 - 35% - 30% - 16:21
2 - 30% - 30% - 13:43
3 - 23% - 25% - 10:34
4 - 12% - 15% - 5:29
Normal Defense
1 - 29% - 30% - 13:24
2 - 35% - 30% - 16:21
3 - 26% - 25% - 11:58
4 - 10% - 15% - 4:24
PP Forward
1 - 50% - 50% - 2:58
2 - 50% - 50% - 2:59
PP Defense
1 - 49% - 50% - 2:56
2 - 51% - 50% - 3:01
PK Forward
1 - 48% - 50% - 3:50
2 - 52% - 50% - 4:06
PK Defense
1 - 48% - 50% - 3:49
2 - 52% - 50% - 4:07
PK3 Forward
1 - 0% - 50%
2 - 0% - 50%
PK3 Defense
1 - 0% - 50%
2 - 0% - 50%
44 Forward
1 - 58% - 50% - 2:55
2 - 42% - 50% - 2:05
44 Defense
1 - 46% - 50% - 2:17
2 - 54% - 50% - 2:43
Last Minute Offensive - 0:00
Last Minute Defensive - 0:00
Total
Forward - 65:00
Defense - 65:00
|
% Time on Ice - Boston Bruins
Lines # - Real PCT - Wanted PCT - Time Play
Normal Forward
1 - 27% - 30% - 12:08
2 - 31% - 30% - 14:01
3 - 27% - 25% - 12:24
4 - 16% - 15% - 7:09
Normal Defense
1 - 34% - 35% - 15:39
2 - 37% - 35% - 16:53
3 - 29% - 30% - 13:10
4 - 0% - 0% - 0:00
PP Forward
1 - 63% - 50% - 5:01
2 - 37% - 50% - 2:55
PP Defense
1 - 55% - 50% - 4:24
2 - 45% - 50% - 3:32
PK Forward
1 - 50% - 50% - 2:57
2 - 50% - 50% - 3:00
PK Defense
1 - 49% - 50% - 2:55
2 - 51% - 50% - 3:02
PK3 Forward
1 - 0% - 50%
2 - 0% - 50%
PK3 Defense
1 - 0% - 50%
2 - 0% - 50%
44 Forward
1 - 46% - 50% - 2:17
2 - 54% - 50% - 2:43
44 Defense
1 - 48% - 50% - 2:23
2 - 52% - 50% - 2:37
Last Minute Offensive - 0:00
Last Minute Defensive - 0:25
Total
Forward - 65:00
Defense - 65:00
|
Play-by-Play
1st period
0:01 of 1st period - Bo Horvat wins face-off versus Pavel Zacha in neutral zone.
0:48 of 1st period - Morgan Geekie is hit by Conor Sheary and loses puck.
1:07 of 1st period - Slapshot by Cale Makar.
1:07 of 1st period - Shot Blocked by Cam York.
1:54 of 1st period - Wrist shot by Kirby Dach.
1:54 of 1st period - Shot Misses the Net.
2:34 of 1st period - Charlie McAvoy is hit by Marcus Pettersson.
2:43 of 1st period - Minor Penalty to Tyson Barrie for Roughing.
2:44 of 1st period - Kevin Fiala wins face-off versus Brandon Hagel in Boston Bruins zone.
3:20 of 1st period - Snap shot by Kirby Dach.
3:20 of 1st period - Stopped by Leevi Merilainen with a rebound.
4:27 of 1st period - Charlie McAvoy is hit by Seth Jones and loses puck.
4:43 of 1st period - Penalty to Tyson Barrie is over, Tyson Barrie is back on ice.
4:52 of 1st period - Wrist shot by Conor Sheary.
4:52 of 1st period - Deflect By Jaden Schwartz.
4:52 of 1st period - Shot Blocked by Morgan Geekie.
4:52 of 1st period - Puck is out of play.
4:53 of 1st period - Nicholas Paul wins face-off versus Ryan Donato in Boston Bruins zone.
4:54 of 1st period - Snap shot by Jaden Schwartz.
4:54 of 1st period - Stopped by Leevi Merilainen without a rebound.
4:55 of 1st period - Ryan Donato wins face-off versus Nicholas Paul in Boston Bruins zone.
5:06 of 1st period - Morgan Geekie is hit by Jaden Schwartz and loses puck.
5:17 of 1st period - Snap shot by Conor Sheary.
5:17 of 1st period - Shot Misses the Net.
5:29 of 1st period - Slapshot by Jaden Schwartz.
5:29 of 1st period - Shot Misses the Net.
5:31 of 1st period - Slapshot by Travis Sanheim.
5:31 of 1st period - Shot Blocked by Matt Grzelcyk.
5:39 of 1st period - Marcus Pettersson is hit by Morgan Geekie and loses puck.
6:02 of 1st period - Snap shot by Jaden Schwartz.
6:02 of 1st period - Shot Misses the Net.
6:04 of 1st period - Slapshot by Travis Sanheim.
6:04 of 1st period - Shot Blocked by Ryan Donato.
6:08 of 1st period - Slapshot by Jaden Schwartz.
6:08 of 1st period - Shot Blocked by Matt Grzelcyk.
6:10 of 1st period - Snap shot by Travis Sanheim.
6:10 of 1st period - Shot Blocked by Morgan Geekie.
6:18 of 1st period - Snap shot by Conor Sheary.
6:18 of 1st period - Shot Blocked by Matt Grzelcyk.
6:20 of 1st period - Slapshot by Nicholas Paul.
6:20 of 1st period - Stopped by Leevi Merilainen with a rebound.
6:22 of 1st period - Wrist shot by Nicholas Paul.
6:22 of 1st period - Stopped by Leevi Merilainen with a rebound.
6:26 of 1st period - Snap shot by Jaden Schwartz.
6:26 of 1st period - Shot Misses the Net.
6:28 of 1st period - Snap shot by Jaden Schwartz.
6:28 of 1st period - Stopped by Leevi Merilainen with a rebound.
7:00 of 1st period - Backhand shot by Jaden Schwartz.
7:00 of 1st period - Shot Misses the Net.
7:02 of 1st period - Slapshot by Travis Sanheim.
7:02 of 1st period - Stopped by Leevi Merilainen with a rebound.
7:04 of 1st period - Snap shot by Conor Sheary.
7:04 of 1st period - Shot Blocked by Morgan Geekie.
7:06 of 1st period - Wrist shot by Nicholas Paul.
7:06 of 1st period - Stopped by Leevi Merilainen with a rebound.
7:08 of 1st period - Wrist shot by Marcus Pettersson.
7:08 of 1st period - Shot Hit the Post.
7:10 of 1st period - Slapshot by Travis Sanheim.
7:10 of 1st period - Deflect By Ryan Donato.
7:10 of 1st period - Stopped by Leevi Merilainen with a rebound.
7:14 of 1st period - Wrist shot by Conor Sheary.
7:14 of 1st period - Stopped by Leevi Merilainen without a rebound.
7:15 of 1st period - David Krejci wins face-off versus Patrice Bergeron in Boston Bruins zone.
7:42 of 1st period - Minor Penalty to Brent Burns for Hooking.
7:43 of 1st period - Patrice Bergeron wins face-off versus Pavel Zacha in Chicago Black Hawks zone.
7:57 of 1st period - Slapshot by Anthony Beauvillier.
7:57 of 1st period - Shot Blocked by Seth Jones.
7:59 of 1st period - Backhand shot by Brandon Hagel.
7:59 of 1st period - Stopped by Thatcher Demko without a rebound.
8:00 of 1st period - David Krejci wins face-off versus Barrett Hayton in Chicago Black Hawks zone.
8:47 of 1st period - Wrist shot by David Krejci.
8:47 of 1st period - Stopped by Thatcher Demko without a rebound.
8:48 of 1st period - Patrice Bergeron wins face-off versus Pavel Zacha in Chicago Black Hawks zone.
9:03 of 1st period - Wrist shot by Anthony Beauvillier.
9:03 of 1st period - Shot Misses the Net.
9:42 of 1st period - Penalty to Brent Burns is over, Brent Burns is back on ice.
10:31 of 1st period - Brandon Hagel is hit by Brent Burns and loses puck.
10:59 of 1st period - Icing by Joe Veleno.
11:00 of 1st period - Patrice Bergeron wins face-off versus David Krejci in Boston Bruins zone.
11:05 of 1st period - Snap shot by Kirby Dach.
11:05 of 1st period - Shot Misses the Net.
11:28 of 1st period - Snap shot by Kevin Fiala.
11:28 of 1st period - Goal by Kevin Fiala - Chicago Black Hawks : 1 - Boston Bruins : 0.
11:29 of 1st period - Vincent Trocheck wins face-off versus Pavel Zacha in neutral zone.
11:40 of 1st period - Snap shot by Brandon Hagel.
11:40 of 1st period - Shot Misses the Net.
11:42 of 1st period - Slapshot by Anthony Beauvillier.
11:42 of 1st period - Stopped by Thatcher Demko with a rebound.
11:44 of 1st period - Slapshot by Pavel Zacha.
11:44 of 1st period - Shot Blocked by Cale Makar.
12:11 of 1st period - Slapshot by Vincent Trocheck.
12:11 of 1st period - Stopped by Leevi Merilainen with a rebound.
12:13 of 1st period - Slapshot by Bo Horvat.
12:13 of 1st period - Shot Misses the Net.
12:15 of 1st period - Snap shot by Brent Burns.
12:15 of 1st period - Stopped by Leevi Merilainen without a rebound.
12:16 of 1st period - Patrice Bergeron wins face-off versus David Krejci in Boston Bruins zone.
12:21 of 1st period - Snap shot by Patrice Bergeron.
12:21 of 1st period - Shot Misses the Net.
12:41 of 1st period - Shane Pinto is hit by Samuel Girard and loses puck.
12:46 of 1st period - Snap shot by Brandon Hagel.
12:46 of 1st period - Shot Blocked by Shane Pinto.
12:48 of 1st period - Slapshot by Pavel Zacha.
12:48 of 1st period - Shot Misses the Net.
12:50 of 1st period - Snap shot by Anthony Beauvillier.
12:50 of 1st period - Stopped by Thatcher Demko with a rebound.
12:52 of 1st period - Slapshot by Anthony Beauvillier.
12:52 of 1st period - Stopped by Thatcher Demko with a rebound.
12:54 of 1st period - Slapshot by Anthony Beauvillier.
12:54 of 1st period - Shot Blocked by Shane Pinto.
13:04 of 1st period - Wrist shot by John-Jason Peterka.
13:04 of 1st period - Stopped by Thatcher Demko with a rebound.
13:25 of 1st period - Off-side.
13:26 of 1st period - Patrice Bergeron wins face-off versus David Krejci in neutral zone.
13:35 of 1st period - Devon Toews is hit by Luke Kunin and loses puck.
13:52 of 1st period - Anthony Beauvillier is hit by Bo Horvat and loses puck.
14:04 of 1st period - Off-side.
14:05 of 1st period - David Krejci wins face-off versus Barrett Hayton in neutral zone.
14:15 of 1st period - Off-side.
14:16 of 1st period - Patrice Bergeron wins face-off versus Pavel Zacha in neutral zone.
14:29 of 1st period - Wrist shot by Patrice Bergeron.
14:29 of 1st period - Goal by Patrice Bergeron - Chicago Black Hawks : 2 - Boston Bruins : 0.
14:30 of 1st period - David Krejci wins face-off versus Kevin Fiala in neutral zone.
15:00 of 1st period - Icing by David Krejci.
15:01 of 1st period - Patrice Bergeron wins face-off versus David Krejci in Boston Bruins zone.
15:02 of 1st period - Wrist shot by Barrett Hayton.
15:02 of 1st period - Stopped by Leevi Merilainen with a rebound.
15:32 of 1st period - Snap shot by David Krejci.
15:32 of 1st period - Stopped by Thatcher Demko with a rebound.
15:49 of 1st period - Wrist shot by Anthony Beauvillier.
15:49 of 1st period - Shot Misses the Net.
15:51 of 1st period - Snap shot by Pavel Zacha.
15:51 of 1st period - Shot Misses the Net.
15:53 of 1st period - Slapshot by Samuel Girard.
15:53 of 1st period - Deflect By Anthony Beauvillier.
15:53 of 1st period - Shot Blocked by Kevin Fiala.
15:53 of 1st period - Puck is out of play.
15:54 of 1st period - Patrice Bergeron wins face-off versus Pavel Zacha in Chicago Black Hawks zone.
16:09 of 1st period - Snap shot by Anthony Beauvillier.
16:09 of 1st period - Shot Misses the Net.
17:05 of 1st period - Snap shot by Pavel Zacha.
17:05 of 1st period - Goal by Pavel Zacha - Chicago Black Hawks : 2 - Boston Bruins : 1.
17:06 of 1st period - Bo Horvat wins face-off versus Pavel Zacha in neutral zone.
17:20 of 1st period - Minor Penalty to Kevin Fiala for Hooking.
17:21 of 1st period - Barrett Hayton wins face-off versus Anthony Beauvillier in Chicago Black Hawks zone.
17:34 of 1st period - Snap shot by Brandon Hagel.
17:34 of 1st period - Shot Blocked by Devon Toews.
17:58 of 1st period - Snap shot by Joel Farabee.
17:58 of 1st period - Stopped by Thatcher Demko with a rebound.
18:00 of 1st period - Backhand shot by Samuel Girard.
18:00 of 1st period - Shot Blocked by Travis Sanheim.
18:02 of 1st period - Snap shot by David Krejci.
18:02 of 1st period - Stopped by Thatcher Demko without a rebound.
18:03 of 1st period - David Krejci wins face-off versus Patrice Bergeron in Chicago Black Hawks zone.
18:16 of 1st period - Snap shot by Joel Farabee.
18:16 of 1st period - Shot Misses the Net.
18:30 of 1st period - Brent Burns is hit by Pavel Zacha and loses puck.
18:35 of 1st period - Snap shot by Pavel Zacha.
18:35 of 1st period - Stopped by Thatcher Demko without a rebound.
18:36 of 1st period - Patrice Bergeron wins face-off versus David Krejci in Chicago Black Hawks zone.
19:20 of 1st period - Penalty to Kevin Fiala is over, Kevin Fiala is back on ice.
Goals for this period are 2 for Chicago Black Hawks vs 1 for Boston Bruins.
Shots for this period are 14 for Chicago Black Hawks vs 11 for Boston Bruins.
2nd period
0:01 of 2nd period - Bo Horvat wins face-off versus Pavel Zacha in neutral zone.
0:12 of 2nd period - Wrist shot by Bo Horvat.
0:12 of 2nd period - Shot Misses the Net.
0:14 of 2nd period - Wrist shot by Bo Horvat.
0:14 of 2nd period - Stopped by Leevi Merilainen with a rebound.
0:16 of 2nd period - Snap shot by Bo Horvat.
0:16 of 2nd period - Stopped by Leevi Merilainen without a rebound.
0:17 of 2nd period - Patrice Bergeron wins face-off versus David Krejci in Boston Bruins zone.
1:00 of 2nd period - Snap shot by Patrice Bergeron.
1:00 of 2nd period - Stopped by Leevi Merilainen with a rebound.
1:02 of 2nd period - Slapshot by Devon Toews.
1:02 of 2nd period - Shot Misses the Net.
1:12 of 2nd period - Slapshot by Barrett Hayton.
1:12 of 2nd period - Stopped by Leevi Merilainen without a rebound.
1:13 of 2nd period - Bo Horvat wins face-off versus Pavel Zacha in Boston Bruins zone.
1:14 of 2nd period - Slapshot by Vincent Trocheck.
1:14 of 2nd period - Shot Misses the Net.
1:16 of 2nd period - Slapshot by Kevin Fiala.
1:16 of 2nd period - Shot Misses the Net.
2:55 of 2nd period - Samuel Girard is hit by Brent Burns and loses puck.
3:10 of 2nd period - Bo Horvat is hit by Samuel Girard.
3:37 of 2nd period - Ryan Donato is hit by Nicholas Paul and loses puck.
3:52 of 2nd period - Snap shot by John-Jason Peterka.
3:52 of 2nd period - Shot Misses the Net.
3:54 of 2nd period - Snap shot by John-Jason Peterka.
3:54 of 2nd period - Shot Blocked by Marcus Pettersson.
3:56 of 2nd period - Slapshot by Cam York.
3:56 of 2nd period - Stopped by Thatcher Demko without a rebound.
3:57 of 2nd period - Patrice Bergeron wins face-off versus Brandon Hagel in Chicago Black Hawks zone.
4:04 of 2nd period - Brandon Hagel is hit by Devon Toews and loses puck.
4:25 of 2nd period - Snap shot by Joel Farabee.
4:25 of 2nd period - Shot Misses the Net.
4:27 of 2nd period - Wrist shot by Joel Farabee.
4:27 of 2nd period - Stopped by Thatcher Demko without a rebound.
4:28 of 2nd period - David Krejci wins face-off versus Bo Horvat in Chicago Black Hawks zone.
4:37 of 2nd period - Wrist shot by Luke Kunin.
4:37 of 2nd period - Stopped by Thatcher Demko with a rebound.
4:39 of 2nd period - Snap shot by Luke Kunin.
4:39 of 2nd period - Stopped by Thatcher Demko with a rebound.
4:41 of 2nd period - Snap shot by Joel Farabee.
4:41 of 2nd period - Shot Misses the Net.
4:43 of 2nd period - Snap shot by Luke Kunin.
4:43 of 2nd period - Shot Blocked by Bo Horvat.
4:49 of 2nd period - Minor Penalty to Kevin Fiala for Tripping.
4:50 of 2nd period - Patrice Bergeron wins face-off versus Pavel Zacha in Chicago Black Hawks zone.
6:49 of 2nd period - Penalty to Kevin Fiala is over, Kevin Fiala is back on ice.
7:20 of 2nd period - Curtis Hall is hit by Travis Sanheim and loses puck.
7:31 of 2nd period - Ryan Donato is hit by Conor Sheary and loses puck.
7:42 of 2nd period - Patrice Bergeron is hit by Curtis Hall and loses puck.
7:53 of 2nd period - Charlie McAvoy is hit by Vincent Trocheck and loses puck.
8:06 of 2nd period - Nicholas Paul is hit by Charlie McAvoy and loses puck.
8:16 of 2nd period - Off-side.
8:17 of 2nd period - Bo Horvat wins face-off versus Ryan Donato in neutral zone.
8:57 of 2nd period - Minor Penalty to Tyson Barrie for High sticking.
8:58 of 2nd period - Patrice Bergeron wins face-off versus Brandon Hagel in Boston Bruins zone.
8:58 of 2nd period - Wrist shot by Kirby Dach.
8:58 of 2nd period - Shot Hit the Post.
9:12 of 2nd period - Snap shot by Kirby Dach.
9:12 of 2nd period - Stopped by Leevi Merilainen without a rebound.
9:13 of 2nd period - David Krejci wins face-off versus Bo Horvat in Boston Bruins zone.
9:18 of 2nd period - Wrist shot by Anthony Beauvillier.
9:18 of 2nd period - Goal by Anthony Beauvillier - Chicago Black Hawks : 2 - Boston Bruins : 2.
9:19 of 2nd period - David Krejci wins face-off versus Bo Horvat in neutral zone.
9:34 of 2nd period - Wrist shot by Kevin Fiala.
9:34 of 2nd period - Deflect By Vincent Trocheck.
9:34 of 2nd period - Shot Misses the Net.
9:34 of 2nd period - Puck is out of play.
9:35 of 2nd period - Patrice Bergeron wins face-off versus Brandon Hagel in Boston Bruins zone.
10:57 of 2nd period - Penalty to Tyson Barrie is over, Tyson Barrie is back on ice.
11:08 of 2nd period - Slapshot by Ryan Donato.
11:08 of 2nd period - Shot Blocked by Cale Makar.
11:10 of 2nd period - Wrist shot by John-Jason Peterka.
11:10 of 2nd period - Stopped by Thatcher Demko with a rebound.
11:12 of 2nd period - Snap shot by Cam York.
11:12 of 2nd period - Shot Blocked by Cale Makar.
11:34 of 2nd period - Devon Toews is hit by Curtis Hall and loses puck.
12:17 of 2nd period - Wrist shot by Anthony Beauvillier.
12:17 of 2nd period - Shot Misses the Net.
12:43 of 2nd period - Samuel Bolduc is hit by Marcus Pettersson.
15:19 of 2nd period - Conor Sheary is hit by Morgan Geekie and loses puck.
15:24 of 2nd period - Wrist shot by John-Jason Peterka.
15:24 of 2nd period - Stopped by Thatcher Demko with a rebound.
15:26 of 2nd period - Wrist shot by Morgan Geekie.
15:26 of 2nd period - Stopped by Thatcher Demko without a rebound.
15:27 of 2nd period - Pavel Zacha wins face-off versus Patrice Bergeron in Chicago Black Hawks zone.
15:30 of 2nd period - Wrist shot by Brandon Hagel.
15:30 of 2nd period - Shot Misses the Net.
15:32 of 2nd period - Slapshot by Pavel Zacha.
15:32 of 2nd period - Shot Misses the Net.
15:34 of 2nd period - Slapshot by Charlie McAvoy.
15:34 of 2nd period - Shot Misses the Net.
15:36 of 2nd period - Slapshot by Tyson Barrie.
15:36 of 2nd period - Deflect By Anthony Beauvillier.
15:36 of 2nd period - Deflect By Kirby Dach.
15:36 of 2nd period - Shot Misses the Net.
15:36 of 2nd period - Puck is out of play.
15:37 of 2nd period - Pavel Zacha wins face-off versus Patrice Bergeron in Chicago Black Hawks zone.
15:42 of 2nd period - Slapshot by Charlie McAvoy.
15:42 of 2nd period - Shot Blocked by Kirby Dach.
15:44 of 2nd period - Wrist shot by Tyson Barrie.
15:44 of 2nd period - Stopped by Thatcher Demko with a rebound.
15:46 of 2nd period - Wrist shot by Anthony Beauvillier.
15:46 of 2nd period - Shot Misses the Net.
15:48 of 2nd period - Slapshot by Charlie McAvoy.
15:48 of 2nd period - Shot Blocked by Devon Toews.
15:50 of 2nd period - Snap shot by Pavel Zacha.
15:50 of 2nd period - Goal by Pavel Zacha - Chicago Black Hawks : 2 - Boston Bruins : 3.
15:51 of 2nd period - Pavel Zacha wins face-off versus Bo Horvat in neutral zone.
15:56 of 2nd period - Vincent Trocheck is hit by Brandon Hagel and loses puck.
16:01 of 2nd period - Wrist shot by Pavel Zacha.
16:01 of 2nd period - Shot Misses the Net.
16:03 of 2nd period - Snap shot by Anthony Beauvillier.
16:03 of 2nd period - Stopped by Thatcher Demko with a rebound.
16:05 of 2nd period - Slapshot by Tyson Barrie.
16:05 of 2nd period - Shot Misses the Net.
16:07 of 2nd period - Snap shot by Brandon Hagel.
16:07 of 2nd period - Shot Blocked by Brent Burns.
16:18 of 2nd period - Minor Penalty to Luke Kunin for Holding.
16:19 of 2nd period - Patrice Bergeron wins face-off versus Brandon Hagel in Boston Bruins zone.
17:17 of 2nd period - Snap shot by Bo Horvat.
17:17 of 2nd period - Shot Misses the Net.
17:19 of 2nd period - Slapshot by Brent Burns.
17:19 of 2nd period - Shot Misses the Net.
18:18 of 2nd period - Penalty to Luke Kunin is over, Luke Kunin is back on ice.
18:22 of 2nd period - Icing by Brandon Hagel.
18:23 of 2nd period - Nicholas Paul wins face-off versus Brandon Hagel in Boston Bruins zone.
18:24 of 2nd period - Slapshot by Jaden Schwartz.
18:24 of 2nd period - Shot Misses the Net.
18:26 of 2nd period - Slapshot by Travis Sanheim.
18:26 of 2nd period - Stopped by Leevi Merilainen without a rebound.
18:27 of 2nd period - Nicholas Paul wins face-off versus David Krejci in Boston Bruins zone.
18:30 of 2nd period - Wrist shot by Jaden Schwartz.
18:30 of 2nd period - Shot Misses the Net.
18:40 of 2nd period - Wrist shot by Jaden Schwartz.
18:40 of 2nd period - Shot Misses the Net.
18:42 of 2nd period - Slapshot by Nicholas Paul.
18:42 of 2nd period - Stopped by Leevi Merilainen with a rebound.
18:51 of 2nd period - Off-side.
18:52 of 2nd period - Ryan Donato wins face-off versus Bo Horvat in neutral zone.
19:07 of 2nd period - Wrist shot by Ryan Donato.
19:07 of 2nd period - Shot Misses the Net.
19:17 of 2nd period - Kevin Fiala is hit by Morgan Geekie and loses puck.
19:24 of 2nd period - Slapshot by Cale Makar.
19:24 of 2nd period - Shot Blocked by Charlie McAvoy.
19:39 of 2nd period - Snap shot by Vincent Trocheck.
19:39 of 2nd period - Stopped by Leevi Merilainen without a rebound.
19:40 of 2nd period - Patrice Bergeron wins face-off versus Pavel Zacha in Boston Bruins zone.
19:51 of 2nd period - Anthony Beauvillier is hit by Patrice Bergeron and loses puck.
Goals for this period are 0 for Chicago Black Hawks vs 2 for Boston Bruins.
Shots for this period are 8 for Chicago Black Hawks vs 11 for Boston Bruins.
3rd period
0:01 of 3rd period - David Krejci wins face-off versus Nicholas Paul in neutral zone.
0:20 of 3rd period - Devon Toews is hit by David Krejci and loses puck.
0:31 of 3rd period - Snap shot by Patrice Bergeron.
0:31 of 3rd period - Shot Blocked by Tyson Barrie.
0:33 of 3rd period - Snap shot by Brent Burns.
0:33 of 3rd period - Deflect By Kirby Dach.
0:33 of 3rd period - Stopped by Leevi Merilainen with a rebound.
0:35 of 3rd period - Snap shot by Devon Toews.
0:35 of 3rd period - Stopped by Leevi Merilainen without a rebound.
0:36 of 3rd period - Pavel Zacha wins face-off versus Patrice Bergeron in Boston Bruins zone.
0:49 of 3rd period - Snap shot by Pavel Zacha.
0:49 of 3rd period - Deflect By Brandon Hagel.
0:49 of 3rd period - Stopped by Thatcher Demko without a rebound.
0:50 of 3rd period - David Krejci wins face-off versus Nicholas Paul in Chicago Black Hawks zone.
0:51 of 3rd period - Snap shot by Joel Farabee.
0:51 of 3rd period - Shot Blocked by Nicholas Paul.
1:16 of 3rd period - Pavel Zacha is hit by Seth Jones and loses puck.
1:39 of 3rd period - Snap shot by Morgan Geekie.
1:39 of 3rd period - Stopped by Thatcher Demko without a rebound.
1:40 of 3rd period - Patrice Bergeron wins face-off versus Ryan Donato in Chicago Black Hawks zone.
3:10 of 3rd period - Slapshot by Tyson Barrie.
3:10 of 3rd period - Stopped by Thatcher Demko without a rebound.
3:11 of 3rd period - Bo Horvat wins face-off versus Ryan Donato in Chicago Black Hawks zone.
3:11 of 3rd period - Bo Horvat is hit by Morgan Geekie.
3:20 of 3rd period - Icing by Morgan Geekie.
3:21 of 3rd period - Bo Horvat wins face-off versus Ryan Donato in Boston Bruins zone.
3:38 of 3rd period - Snap shot by Ryan Donato.
3:38 of 3rd period - Deflect By John-Jason Peterka.
3:38 of 3rd period - Shot Blocked by Seth Jones.
3:38 of 3rd period - Puck is out of play.
3:39 of 3rd period - Patrice Bergeron wins face-off versus David Krejci in Chicago Black Hawks zone.
3:48 of 3rd period - Wrist shot by Kirby Dach.
3:48 of 3rd period - Stopped by Leevi Merilainen with a rebound.
3:50 of 3rd period - Slapshot by Seth Jones.
3:50 of 3rd period - Stopped by Leevi Merilainen with a rebound.
4:11 of 3rd period - Slapshot by Jaden Schwartz.
4:11 of 3rd period - Shot Blocked by Tyson Barrie.
4:13 of 3rd period - Slapshot by Devon Toews.
4:13 of 3rd period - Shot Misses the Net.
4:23 of 3rd period - Devon Toews is hit by Ryan Donato and loses puck.
5:12 of 3rd period - Wrist shot by David Krejci.
5:12 of 3rd period - Stopped by Thatcher Demko with a rebound.
5:14 of 3rd period - Slapshot by Tyson Barrie.
5:14 of 3rd period - Shot Blocked by Marcus Pettersson.
5:45 of 3rd period - Off-side.
5:46 of 3rd period - Patrice Bergeron wins face-off versus Ryan Donato in neutral zone.
6:11 of 3rd period - Matt Grzelcyk is hit by Cale Makar and loses puck.
6:22 of 3rd period - Slapshot by Jaden Schwartz.
6:22 of 3rd period - Stopped by Leevi Merilainen with a rebound.
6:34 of 3rd period - Snap shot by Joe Veleno.
6:34 of 3rd period - Deflect By Cale Makar.
6:34 of 3rd period - Shot Misses the Net.
6:34 of 3rd period - Puck is out of play.
6:35 of 3rd period - Otto Koivula wins face-off versus Vincent Trocheck in Chicago Black Hawks zone.
6:36 of 3rd period - Snap shot by Joe Veleno.
6:36 of 3rd period - Stopped by Thatcher Demko with a rebound.
6:38 of 3rd period - Slapshot by Matt Grzelcyk.
6:38 of 3rd period - Shot Misses the Net.
6:40 of 3rd period - Wrist shot by Otto Koivula.
6:40 of 3rd period - Stopped by Thatcher Demko with a rebound.
6:42 of 3rd period - Slapshot by Otto Koivula.
6:42 of 3rd period - Stopped by Thatcher Demko without a rebound.
6:43 of 3rd period - Nicholas Paul wins face-off versus Pavel Zacha in Chicago Black Hawks zone.
6:43 of 3rd period - Nicholas Paul is hit by Anthony Beauvillier.
7:18 of 3rd period - Luke Kunin is hit by Kevin Fiala and loses puck.
8:08 of 3rd period - Snap shot by Ryan Donato.
8:08 of 3rd period - Shot Misses the Net.
8:10 of 3rd period - Slapshot by Morgan Geekie.
8:10 of 3rd period - Deflect By Ryan Donato.
8:10 of 3rd period - Stopped by Thatcher Demko with a rebound.
8:12 of 3rd period - Wrist shot by Ryan Donato.
8:12 of 3rd period - Stopped by Thatcher Demko without a rebound.
8:13 of 3rd period - Pavel Zacha wins face-off versus Shane Pinto in Chicago Black Hawks zone.
8:20 of 3rd period - Wrist shot by Brandon Hagel.
8:20 of 3rd period - Shot Misses the Net.
8:41 of 3rd period - Wrist shot by Vincent Trocheck.
8:41 of 3rd period - Stopped by Leevi Merilainen without a rebound.
8:42 of 3rd period - Patrice Bergeron wins face-off versus David Krejci in Boston Bruins zone.
8:43 of 3rd period - Wrist shot by Kirby Dach.
8:43 of 3rd period - Shot Blocked by Joel Farabee.
9:08 of 3rd period - Samuel Girard is hit by Vincent Trocheck and loses puck.
9:15 of 3rd period - Wrist shot by Kevin Fiala.
9:15 of 3rd period - Stopped by Leevi Merilainen with a rebound.
9:17 of 3rd period - Slapshot by Brent Burns.
9:17 of 3rd period - Stopped by Leevi Merilainen with a rebound.
9:19 of 3rd period - Wrist shot by Bo Horvat.
9:19 of 3rd period - Deflect By Kevin Fiala.
9:19 of 3rd period - Shot Blocked by Samuel Girard.
9:19 of 3rd period - Puck is out of play.
9:20 of 3rd period - Nicholas Paul wins face-off versus David Krejci in Boston Bruins zone.
9:47 of 3rd period - Patrice Bergeron is hit by Anthony Beauvillier and loses puck.
10:34 of 3rd period - Snap shot by Bo Horvat.
10:34 of 3rd period - Shot Misses the Net.
10:36 of 3rd period - Snap shot by Kevin Fiala.
10:36 of 3rd period - Shot Misses the Net.
10:38 of 3rd period - Snap shot by Bo Horvat.
10:38 of 3rd period - Shot Blocked by Cam York.
10:40 of 3rd period - Snap shot by Kevin Fiala.
10:40 of 3rd period - Stopped by Leevi Merilainen without a rebound.
10:41 of 3rd period - Pavel Zacha wins face-off versus Nicholas Paul in Boston Bruins zone.
10:41 of 3rd period - Pavel Zacha is hit by Seth Jones.
10:49 of 3rd period - Slapshot by Tyson Barrie.
10:49 of 3rd period - Stopped by Thatcher Demko with a rebound.
10:51 of 3rd period - Snap shot by Brandon Hagel.
10:51 of 3rd period - Stopped by Thatcher Demko with a rebound.
10:53 of 3rd period - Backhand shot by Tyson Barrie.
10:53 of 3rd period - Shot Misses the Net.
11:17 of 3rd period - Snap shot by Bo Horvat.
11:17 of 3rd period - Stopped by Leevi Merilainen with a rebound.
12:12 of 3rd period - Wrist shot by Pavel Zacha.
12:12 of 3rd period - Stopped by Thatcher Demko without a rebound.
12:13 of 3rd period - Nicholas Paul wins face-off versus Pavel Zacha in Chicago Black Hawks zone.
12:28 of 3rd period - Snap shot by Brandon Hagel.
12:28 of 3rd period - Stopped by Thatcher Demko with a rebound.
12:39 of 3rd period - Icing by Bo Horvat.
12:40 of 3rd period - Bo Horvat wins face-off versus David Krejci in Chicago Black Hawks zone.
14:06 of 3rd period - Joel Farabee is hit by Devon Toews and loses puck.
14:15 of 3rd period - Wrist shot by Vincent Trocheck.
14:15 of 3rd period - Shot Misses the Net.
14:17 of 3rd period - Slapshot by Devon Toews.
14:17 of 3rd period - Stopped by Leevi Merilainen with a rebound.
14:19 of 3rd period - Slapshot by Kevin Fiala.
14:19 of 3rd period - Shot Misses the Net.
14:21 of 3rd period - Snap shot by Kevin Fiala.
14:21 of 3rd period - Stopped by Leevi Merilainen with a rebound.
14:23 of 3rd period - Wrist shot by Kevin Fiala.
14:23 of 3rd period - Stopped by Leevi Merilainen with a rebound.
14:25 of 3rd period - Wrist shot by Vincent Trocheck.
14:25 of 3rd period - Shot Blocked by Joel Farabee.
15:28 of 3rd period - Wrist shot by Bo Horvat.
15:28 of 3rd period - Stopped by Leevi Merilainen without a rebound.
15:29 of 3rd period - Ryan Donato wins face-off versus Nicholas Paul in Boston Bruins zone.
16:39 of 3rd period - Wrist shot by Brandon Hagel.
16:39 of 3rd period - Shot Misses the Net.
16:50 of 3rd period - Minor Penalty to Michael Rasmussen for Hooking.
16:51 of 3rd period - Patrice Bergeron wins face-off versus Pavel Zacha in Chicago Black Hawks zone.
17:19 of 3rd period - Icing by Tyson Barrie.
17:20 of 3rd period - Barrett Hayton wins face-off versus Pavel Zacha in Boston Bruins zone.
17:27 of 3rd period - Marcus Pettersson is hit by Pavel Zacha.
18:50 of 3rd period - Penalty to Michael Rasmussen is over, Michael Rasmussen is back on ice.
19:06 of 3rd period - Wrist shot by Charlie McAvoy.
19:06 of 3rd period - Shot Blocked by Brent Burns.
19:14 of 3rd period - Charlie McAvoy is hit by Michael Rasmussen and loses puck.
19:17 of 3rd period - Chicago Black Hawks, Thatcher Demko is pulled from the net.
19:19 of 3rd period - Slapshot by Cale Makar.
19:19 of 3rd period - Goal by Cale Makar - Chicago Black Hawks : 3 - Boston Bruins : 3.
19:19 of 3rd period - Thatcher Demko from Chicago Black Hawks was sent back in the game.
19:20 of 3rd period - Bo Horvat wins face-off versus Curtis Hall in neutral zone.
Goals for this period are 1 for Chicago Black Hawks vs 0 for Boston Bruins.
Shots for this period are 15 for Chicago Black Hawks vs 13 for Boston Bruins.
Overtime #1
0:01 of 1st overtime period - Brandon Hagel wins face-off versus Vincent Trocheck in neutral zone.
0:08 of 1st overtime period - Snap shot by Pavel Zacha.
0:08 of 1st overtime period - Shot Blocked by Travis Sanheim.
0:39 of 1st overtime period - Snap shot by Kevin Fiala.
0:39 of 1st overtime period - Shot Blocked by Tyson Barrie.
2:01 of 1st overtime period - Tyson Barrie is hit by Travis Sanheim and loses puck.
2:43 of 1st overtime period - Nicholas Paul is hit by John-Jason Peterka and loses puck.
3:05 of 1st overtime period - Icing by Jaden Schwartz.
3:06 of 1st overtime period - Shane Pinto wins face-off versus Brandon Hagel in Chicago Black Hawks zone.
Goals for this period are 0 for Chicago Black Hawks vs 0 for Boston Bruins.
Shots for this period are 0 for Chicago Black Hawks vs 0 for Boston Bruins.
ShootOut
5:00 of 1st overtime period - Round #1.
5:00 of 1st overtime period - Chicago Black Hawks, Bo Horvat.
5:00 of 1st overtime period - Wrist shot by Bo Horvat.
5:00 of 1st overtime period - Goal by Bo Horvat.
5:00 of 1st overtime period - Boston Bruins, Brandon Hagel.
5:00 of 1st overtime period - Snap shot by Brandon Hagel.
5:00 of 1st overtime period - Shot Misses the Net.
5:00 of 1st overtime period - Round #2.
5:00 of 1st overtime period - Chicago Black Hawks, Patrice Bergeron.
5:00 of 1st overtime period - Backhand shot by Patrice Bergeron.
5:00 of 1st overtime period - Stopped by Leevi Merilainen.
5:00 of 1st overtime period - Boston Bruins, Pavel Zacha.
5:00 of 1st overtime period - Snap shot by Pavel Zacha.
5:00 of 1st overtime period - Stopped by Thatcher Demko.
5:00 of 1st overtime period - Round #3.
5:00 of 1st overtime period - Chicago Black Hawks, Vincent Trocheck.
5:00 of 1st overtime period - Backhand shot by Vincent Trocheck.
5:00 of 1st overtime period - Stopped by Leevi Merilainen.
5:00 of 1st overtime period - Boston Bruins, David Krejci.
5:00 of 1st overtime period - Snap shot by David Krejci.
5:00 of 1st overtime period - Stopped by Thatcher Demko.
Back to the Top